Map: Disco Bloodbath LE

Players

Neeblet (Neeb) - Winner!

  • Race: Protoss Protoss
  • League: Master
  • Spawn Location: 3:00

HellraiseR

  • Race: Protoss Protoss
  • Spawn Location: 9:00

Event: NationWars 2019

VOD

Have the link to the VOD?

Description

Time

  • Played on: Nov. 12, 2019, 12:31 p.m.
  • Length: 6:13
Show
View Real Time Build Order
Export as new Build Order

Neeblet Protoss - Winner!

Build Orders:  

Get SALT Encoding   

  12  0:00  Probe  
  13  0:12  Probe  
  14  0:17  Pylon  
  14  0:25  Probe (Chrono Boost)  
  15  0:36  Gateway  
  15  0:37  Probe (Chrono Boost)  
  16  0:44  Probe (Chrono Boost)  
  16  0:45  Assimilator  
  17  0:51  Probe  
  17  0:54  Assimilator  
  18  1:03  Probe (Chrono Boost)  
  19  1:06  Gateway  
  19  1:13  Probe (Chrono Boost)  
  19  1:18  Probe (Chrono Boost)  
  21  1:27  Cybernetics Core  
  21  1:29  Probe  
  22  1:35  Pylon  
  22  1:41  Probe  
  24  2:00  Pylon  
  24  2:03  Stalker  
  24  2:04  Stalker, Warp Gate (Chrono Boost)  
  27  2:18  Robotics Facility  
  27  2:33  Stalker  
  27  2:34  Stalker  
  31  2:47  Gateway  
  31  3:05  Warp Prism (Chrono Boost)  
  33  3:10  Stalker, Sentry  
  37  3:19  Pylon  
  36  3:35  Immortal (Chrono Boost)  
  40  4:01  Robotics Bay  
  40  4:05  Adept x3  
  46  4:14  Pylon  
  46  4:16  Observer  
  43  4:35  Stalker x2  
  47  5:00  Disruptor  
  47  5:06  Zealot x2  
  46  5:33  Adept x3  
Show
View Real Time Build Order
Export as new Build Order

HellraiseR Protoss 

Build Orders: 1 Gate Expand 

Get SALT Encoding   

  12  0:01  Probe  
  13  0:13  Probe  
  14  0:20  Pylon  
  14  0:25  Probe  
  15  0:39  Probe (Chrono Boost), Gateway  
  16  0:47  Probe (Chrono Boost)  
  16  0:48  Assimilator  
  17  0:53  Probe  
  18  1:05  Probe  
  19  1:20  Nexus  
  19  1:30  Cybernetics Core  
  19  1:33  Probe  
  19  1:39  Assimilator  
  20  1:45  Probe  
  21  1:50  Pylon  
  21  1:57  Warp Gate  
  21  1:58  Probe  
  22  2:05  Stalker (Chrono Boost)  
  24  2:10  Probe  
  25  2:22  Probe  
  26  2:28  Stalker (Chrono Boost)  
  28  2:33  Probe  
  29  2:37  Probe  
  29  2:42  Gateway  
  30  2:46  Robotics Facility  
  30  2:50  Gateway  
  31  2:55  Stalker  
  32  3:03  Shield Battery  
  31  3:10  Shield Battery  
  31  3:16  Shield Battery  
  31  3:22  Pylon  
  31  3:30  Immortal (Chrono Boost)  
  34  3:42  Shield Battery  
  31  3:49  Stalker  
  31  3:50  Stalker  
  33  3:59  Probe  
  33  4:04  Probe  
  34  4:11  Probe  
  36  4:20  Adept  
  36  4:21  Adept  
  35  4:33  Warp Prism (Chrono Boost)  
  35  4:46  Sentry  
  35  4:48  Adept  
  39  4:57  Shield Battery  
  37  5:04  Immortal (Chrono Boost)  
  39  5:13  Adept  
  34  5:33  Probe  
  33  5:49  Probe  
Tags
 
Add a new tag
Caveats
  • Supply blocks, unpowered buildings, or Contaminate may cause inaccurate times.
  • Supply counts are checked every 10 seconds.